 Dungeon Crawl Stone Soup version 0.29.1-15-g9cfb28693d (webtiles) character file.

Game seed: 11900308849932980370

55 Descartes the Ducker (level 3, -3/17 HPs)
             Began as a Felid Monk on Mar 26, 2023.
             Slain by a scorpion (7 damage)
             ... on level 3 of the Dungeon.
             The game lasted 00:01:55 (1813 turns).

Descartes the Ducker (Felid Monk)                   Turns: 1813, Time: 00:01:56

Health: -3/17      AC:  1    Str:  9    XL:     3   Next: 67%
Magic:  4/4        EV: 19    Int: 11    God:
Gold:   122        SH:  0    Dex: 18    Spells: 2/2 levels left
                                        Lives:  0   Deaths: 0

rFire   . . .      SeeInvis +     - Unarmed
rCold   . . .      Faith    .   (shield unavailable)
rNeg    . . .      Spirit   .   (body armour unavailable)
rPois   .          Reflect  .   (helmet unavailable)
rElec   .          Harm     .   (cloak unavailable)
rCorr   .          Rampage  .   (gloves unavailable)
Will    .....                   (boots unavailable)
Stlth   ++........              (no amulet)
HPRegen 0.05/turn               (no ring)
MPRegen 0.09/turn               (no ring)

@: lethally poisoned (-3 -> -8), quick
A: very small, claws 1, fangs 3, see invisible, speed 1, shaggy fur 1, stealthy
paws, no weapons or thrown items, no armour, multi-lived
a: no special abilities


You were on level 3 of the Dungeon.
You visited 1 branch of the dungeon, and saw 3 of its levels.

You collected 122 gold pieces.

Inventory:

Jewellery
 i - a ring of fire
Wands
 l - a wand of mindburst (4)
Scrolls
 a - a scroll of amnesia {unknown}
 b - 4 scrolls of identify {unknown}
 c - a scroll of torment {unknown}
 d - a scroll of brand weapon {unknown}
 e - a scroll of blinking {unknown}
 g - 3 scrolls of teleportation {unknown}
 k - a scroll of enchant armour {unknown}
 n - a scroll of butterflies {unknown}
Potions
 f - a potion of mutation {unknown}
 h - 2 potions of degeneration {unknown}
 j - a potion of heal wounds {unknown}
 m - a potion of ambrosia
 o - 2 potions of flight {unknown}
 p - a potion of lignification {unknown}


   Skills:
 + Level 3.6 Fighting
 + Level 4.8 Dodging
 - Level 3.0 Stealth
 + Level 3.6 Unarmed Combat


You had 2 spell levels left.
You didn't know any spells.
Your spell library contained the following spells:

 Spells                   Type           Power      Damage    Failure   Level
 Conjure Flame            Conj/Fire      0%         6-21      71%         3
 Ignite Poison            Fire/Tmut/Pois 0%         N/A       71%         3
 Tukima's Dance           Hex            0%         N/A       71%         3
 Passage of Golubria      Tloc           0%         N/A       98%         4
 Sticky Flame             Conj/Fire      0%         2d3       98%         4
 Yara's Violent Unravell  Hex/Tmut       0%         3d3       100%        5


Dungeon Overview and Level Annotations

Branches:
Dungeon (3/15)

Altars:
Dithmenos
The Shining One


Innate Abilities, Weirdness & Mutations

You have sharp claws.
You have razor-sharp teeth.
You have supernaturally acute eyesight. (SInv)
You cover ground quickly. (Speed+)
You are covered in fur. (AC +1)
Your paws help you pounce on unaware monsters.
You are incapable of wielding weapons or throwing items.
You cannot wear armour.
You gain extra lives every three experience levels.


Message History

No target in view!
No target in view!
Things that are here:
a +0 club; a goblin corpse
b - 4 scrolls labelled HIGOQAT CYRGHARY (gained 1)
Found a glowing golden altar of the Shining One.
A scorpion comes into view.
A scorpion is nearby!
You scratch the scorpion but do no damage.
The scorpion misses you.
You barely miss the scorpion. The scorpion stings you.
You are poisoned.
The scorpion poisons you!
You scratch the scorpion but do no damage.
You bite the scorpion, but do no damage.
You feel very sick. The scorpion closely misses you.
You scratch the scorpion but do no damage.
You claw the scorpion, but do no damage.
You feel sick. The scorpion barely misses you.
The scorpion completely misses you.
You scratch the scorpion but do no damage.
You feel sick. The scorpion stings you.
* * * LOW HITPOINT WARNING * * *
You are too injured to fight recklessly!
You are too injured to fight recklessly!
You are too injured to fight recklessly!
You are too injured to fight recklessly!
You are too injured to fight recklessly!
You are too injured to fight recklessly!
You are too injured to fight recklessly!
You are too injured to fight recklessly!
You are too injured to fight recklessly!
You are too injured to fight recklessly!
Unknown command.
You scratch the scorpion.
The scorpion is lightly wounded.
* * * LOW HITPOINT WARNING * * *
You feel sick. The scorpion stings you!
You die...

#.#)# # ##.#.#
##....#
####.....##
###.........#
#...........#
...####.####.#
##.....##...
#...@...#.#.#
#..$s...#...#
#..$.._......##
#.#.......#..#
#.#.......#.##
# ##.....## #
###.### ...


You could see a scorpion.

Vanquished Creatures
  2 adders (D:2)
  3 endoplasms
  3 giant cockroaches (D:2)
  3 goblins
  3 hobgoblins (D:1)
  5 jackals (D:2)
  2 quokkas
  A ball python (D:1)
  2 bats (D:1)
  3 frilled lizards (D:1)
  7 rats
34 creatures vanquished.

Notes
Turn   | Place    | Note
-------+----------+-------------------------------------------
     0 | D:1      | Descartes the Felid Monk began the quest for the Orb.
     0 | D:1      | Reached XP level 1. HP: 10/10 MP: 2/2
   160 | D:1      | Reached XP level 2. HP: 12/14 MP: 3/3
   931 | D:2      | Reached XP level 3. HP: 11/17 MP: 4/4
  1212 | D:2      | Found a shadowy altar of Dithmenos.
  1803 | D:3      | Found a glowing golden altar of the Shining One.
  1804 | D:3      | Noticed a scorpion
  1813 | D:3      | Slain by a scorpion

Illustrated notes

Levels and vault maps discovered:
D:1:      zaba_arrival_water, layout_rooms, minmay_heptomino_o4
D:2:      layout_rooms, basic_altar
D:3:      layout_loops_ring, old_standard_altar

Skill      XL: |  1 |
---------------+----+-----
Stealth        | 3 |  3.0
Fighting       | |  3.6
Dodging        | |  4.8
Unarmed Combat | |  3.6

Action                   || total
-------------------------++-------
Melee: Unarmed           ||   105
       Punch             ||     6
       Bite              ||    12
  Use: Potion            ||     1
 Stab: Sleeping          ||     4
Armor: Skin              ||     4
Dodge: Dodged            ||    95
